AoeStats
← salan

Lombardia

509916259Analyzed
2v2 RM · 3d ago on Sep 28, 2026· 57m 54s· 4 players
Game mode
Random Map
Map size
Medium (4 player)
Population
200
Speed
Normal
Resources
Standard
Victory
Conquest
Starting age
Dark Age
Ending age
Imperial Age
RankedLock teamsTeams togetherTeam positionsShared explorationLock speedFull tech treeHidden civsTurbo modeCheats
Victory
Defeat
🇪🇸 Byzantines · Spain
1051
+15
🇪🇸 Hindustanis · Spain
1040
+15
🇦🇷 Khmer · Argentina
1023
-15
🇦🇷 Franks · Argentina
1021
-15
Tobianot
8:25 Loom
10:29 Feudal Age
16:41 Castle Age
15:25 Double-Bit Axe
19:38 Husbandry
20:25 Bow Saw
23:39 Gold Mining
24:03 Fletching
26:28 Wheelbarrow
26:31 Scale Barding Armor
27:04 Ballistics
26:46 Town Watch
27:44 Bodkin Arrow
30:19 Hand Cart
30:58 Bloodlines
35:07 Imperial Age
34:33 Gold Shaft Mining
34:26 Padded Archer Armor
34:46 Chain Barding Armor
34:37 Forging
36:04 Bracer
36:36 Conscription
36:58 Stone Mining
37:02 Pikeman
38:47 Parthian Tactics
37:58 Light Cavalry
39:33 Heavy Cavalry Archer
42:17 Leather Archer Armor
42:38 Plate Barding Armor
42:47 Iron Casting
45:05 Blast Furnace
45:07 Ring Archer Armor
46:01 Hussar
49:15 Capped Ram
50:32 Caravan
51:02 Coinage
57:17 Scale Mail Armor
Larichi
5:14 Loom
9:52 Feudal Age
13:03 Wheelbarrow
13:07 Forging
20:47 Castle Age
21:33 Double-Bit Axe
23:29 Bow Saw
23:39 Husbandry
35:15 Imperial Age
34:05 Pikeman
34:47 Squires
35:09 Gold Mining
35:10 Stone Mining
37:29 Iron Casting
36:57 Scale Mail Armor
39:09 Chemistry
38:30 Ballistics
39:05 Gold Shaft Mining
39:14 Halberdier
40:30 Cavalier
42:15 Arson
45:53 Paladin
48:42 Scale Barding Armor
51:58 Light Cavalry
52:34 Capped Ram
Veyron
0:26 Loom
11:18 Feudal Age
11:50 Double-Bit Axe
16:04 Gold Mining
20:17 Castle Age
19:15 Stone Mining
19:17 Gold Mining
20:26 Forging
21:20 Bloodlines
23:08 Bloodlines
22:59 Husbandry
25:40 Bow Saw
25:26 Horse Collar
29:14 Scale Barding Armor
29:50 Ballistics
30:53 Grand Trunk Road
31:38 Iron Casting
31:23 Chain Barding Armor
32:21 Stone Shaft Mining
31:52 Heavy Plow
33:43 Gold Shaft Mining
36:53 Imperial Age
34:52 Masonry
34:13 Light Cavalry
35:39 Murder Holes
35:45 Fletching
35:53 Guard Tower
37:02 Heavy Camel Rider
38:06 Conscription
39:21 Blast Furnace
38:57 Plate Barding Armor
38:44 Bodkin Arrow
39:32 Wheelbarrow
40:21 Squires
40:23 Padded Archer Armor
40:47 Elite Skirmisher
41:33 Thumb Ring
41:41 Caravan
42:11 Town Watch
42:42 Hand Cart
42:50 Leather Archer Armor
44:06 Two-Man Saw
44:54 Ring Archer Armor
44:25 Bracer
46:49 Chemistry
45:55 Siege Engineers
45:55 Imperial Camel Rider
49:03 Hussar
53:34 Hoardings
salan
7:13 Loom
11:07 Feudal Age
10:25 Loom
12:33 Wheelbarrow
11:45 Double-Bit Axe
11:43 Horse Collar
22:07 Castle Age
20:34 Gold Mining
20:57 Scale Barding Armor
21:48 Forging
24:19 Husbandry
27:27 Chain Barding Armor
33:58 Hand Cart
38:29 Imperial Age
37:17 Gold Shaft Mining
37:32 Iron Casting
38:42 Caravan
39:54 Plate Barding Armor
39:10 Fletching
39:46 Conscription
40:48 Chemistry
39:59 Fortified Wall
40:05 Bow Saw
39:58 Heavy Plow
39:50 Heavy Camel Rider
41:36 Bodkin Arrow
42:55 Two-Man Saw
43:35 Logistica
44:01 Elite Cataphract
50:12 Bracer
49:40 Light Cavalry
50:24 Hussar
55:24 Ballistics
Connection lost

Rejoining the realm…

Still unreachable

The connection could not be restored.

Session expired

The server has moved on; the page needs a fresh start.